 Dungeon Crawl Stone Soup version 0.31-a0-23-gcbde74481b (webtiles) character file.

Game seed: 13355941499443757546

2007 diodin the Frost Mage (level 9, 0/61 (73) HPs)
             Began as a Naga Ice Elementalist on May 13, 2023.
             Was a Believer of Cheibriados.
             Slain by a wight
             ... wielding a +3 great sword of freezing
              (3 damage)
             ... on level 6 of the Dungeon.
             The game lasted 00:29:29 (6222 turns).

diodin the Frost Mage (Naga Ice Elementalist)       Turns: 6222, Time: 00:29:29

HP:   0/61 (73)     AC: 14    Str: 15    XL:     9   Next: 22%
MP:   21/27         EV: 11    Int: 20    God:    Cheibriados [**....]
Gold: 135           SH:  0    Dex: 19    Spells: 7/21 levels left

rFire   . . .        D - staff of cold
rCold   + . .        (no shield)
rNeg    . . .        a - +0 robe
rPois   +            (no helmet)
rElec   .            (no cloak)
rCorr   .            u - +0 pair of gloves
SInv    +            (no barding)
Will    +....        (no amulet)
Stlth   ++++         j - ring of magical power
HPRegen 0.30/turn    (no ring)
MPRegen 0.20/turn

%: no passive effects
@: ice-armoured, freezing walls, heavily drained, very slow
A: AC +3, large, see invisible, deformed body, poison resistance, slowness 2,
spit poison 1, naga tail 1
a: Spit Poison, Renounce Religion, Bend Time


You were on level 6 of the Dungeon.
You worshipped Cheibriados.
Cheibriados was pleased with you.
You visited 2 branches of the dungeon, and saw 8 of its levels.

You collected 255 gold pieces.
You spent 120 gold pieces at shops.

Inventory:

Hand Weapons
 d - a +0 dagger of venom
 h - the +7 quarterstaff of Prudence {distort, *Slow Fly Int+5 Stlth+}
   (You found it on level 3 of the Dungeon)

   Int:       It affects your intelligence (+5).
   Fly:       It grants you flight.
   *Slow:     It may slow you when you take damage.
   Stlth:     It makes you more stealthy.
 k - a +3 dagger
 m - a +2 dagger of protection
Missiles
 e - 9 poisoned darts (quivered)
Armour
 a - a +0 robe (worn)
 u - a +0 pair of gloves (worn)
Magical Staves
 D - a staff of cold (weapon)
Jewellery
 j - a ring of magical power (left hand)
Scrolls
 c - a scroll of summoning {unknown}
 g - a scroll of acquirement {unknown}
 l - a scroll of fog {unknown}
 n - a scroll of blinking {unknown}
 p - a scroll of teleportation {unknown}
 r - a scroll of noise {unknown}
 w - 2 scrolls of immolation {unknown}
 x - a scroll of enchant armour {unknown}
 y - a scroll of identify {unknown}
 B - a scroll of magic mapping {unknown}
 C - a scroll of vulnerability {unknown}
Potions
 b - 2 potions of magic
 f - 3 potions of lignification {unknown}
 i - 2 potions of invisibility {unknown}
 o - a potion of berserk rage {unknown}
 q - 2 potions of flight {unknown}
 s - a potion of attraction
 t - 2 potions of haste {unknown}
 v - a potion of mutation {unknown}
 z - a potion of heal wounds {unknown}
 A - a potion of cancellation {unknown}
 E - a potion of curing


   Skills:
 + Level 2.0 Fighting
 + Level 2.7 Short Blades
 + Level 1.1 Throwing
 + Level 3.2 Dodging
 + Level 6.4 Stealth
 + Level 6.5 Spellcasting
 + Level 8.0 Ice Magic


You had 7 spell levels left.
You knew the following spells:

 Your Spells              Type           Power      Damage    Failure   Level
a - Freeze                Ice            100%       1d10      1%          1
b - Frozen Ramparts       Ice            100%       1d16      1%          3
c - Ozocubu's Armour      Ice            55%        N/A       1%          3
d - Hailstorm             Conj/Ice       34%        3d9       5%          3
e - Summon Ice Beast      Ice/Summ       34%        N/A       19%         4

Your spell library contained the following spells:

 Spells                   Type           Power      Damage    Failure   Level
 Gell's Gravitas          Tloc           6%         N/A       30%         3
 Teleport Other           Tloc           6%         N/A       30%         3
 Dispersal                Tloc           3%         N/A       100%        6


Dungeon Overview and Level Annotations

Branches:
Dungeon (7/15)             Temple (1/1) D:4

Altars:
Cheibriados
Dithmenos
Elyvilon
Ru
Sif Muna
Trog
Uskayaw
Xom
Yredelemnul
Zin

Shops:
D:3 *   D:5 *   D:6 :(

Annotations:
D:4 Ijyb


Innate Abilities, Weirdness & Mutations

Your serpentine skin is tough. (AC +3)
You have supernaturally acute eyesight. (SInv)
Armour fits poorly on your strangely shaped body.
Your system is resistant to poisons. (rPois)
You cover ground very slowly.
You can spit poison.
You have a snake-like lower body.


Message History

The wight is severely damaged.
The wight hits you with a +0 war axe!
You hit the wight.
You destroy the wight!
Cheibriados thoroughly appreciates the change of pace.
Unknown command.
Your icy armour cracks and falls away as you move.
Things that are here:
a +0 war axe; a +0 robe Magic restored.
HP restored.
Things that are here:
a +0 war axe; a +0 robe
Aiming: Spit Poison (1% risk of failure)
Press: ? - help, Shift-Dir - straight line, f - you
Okay, then.
The wight hits you with a +3 great sword of freezing!
You feel drained. The wight freezes you.
Your +2 dagger of protection goes still.
D - a staff of cold (weapon)
The wight hits you with a +3 great sword of freezing!
You feel drained. The wight freezes you.
Casting: Ozocubu's Armour (safe; 1% risk of failure)
Confirm with . or Enter, or press ? or * to list all spells.
You feel a surge of power! A film of ice covers your body!
The wight hits you with a +3 great sword of freezing!!
You feel drained. The wight freezes you.
Casting: Ozocubu's Armour (safe; 1% risk of failure)
Confirm with . or Enter, or press ? or * to list all spells.
Casting: Frozen Ramparts (safe; 1% risk of failure)
Press: ? - help, Dir - look around, f - activate You feel a surge of power!
The walls around you are covered in ice.
The wight resists.
The wall freezes the wight.
The wight hits you with a +3 great sword of freezing!
* * * LOW HITPOINT WARNING * * *
You feel drained.
* * * LOW HITPOINT WARNING * * *
The wight freezes you.
You die...

...#####........#....... ......
...### ........#....... ......
.....# .......##.......# ......
##...### .......##....... ......
.......+ ................ ......
##...### ...............Y. ......
##...## ............... ######
##....# .......z....... ##....#
#######@...###.
##....####...#...)....#
##.......#...#........#
.........#...#..).....#
.................################
...................##...........#
....)#.............''...........#
..##.#....###......##...........#
...#....#.# #.....###...........#


You could see a wight.

Vanquished Creatures
  Sigmund (D:4)
  Menkaure (D:4)
  An acid dragon (D:6)
  2 black bears
  2 centaurs
  3 ogres
  A phantom (D:3)
  4 scorpions
  2 wights (D:6)
  2 orc priests (D:5)
  A hound (D:4)
  A gnoll bouda (D:3)
  An iguana (D:5)
  Jessica (D:3)
  A sleepcap (D:6)
  3 orc wizards
  Robin (D:3)
  10 gnolls
  10 adders
  An ufetubus (D:5)
  2 worms
  3 dart slugs
  21 orcs
  4 ball pythons
  4 endoplasms
  3 giant cockroaches
  21 goblins
  9 hobgoblins
  7 jackals
  5 quokkas
  2 bats
  4 frilled lizards
  7 kobolds
  11 rats
152 creatures vanquished.

Notes
Turn   | Place    | Note
-------+----------+-------------------------------------------
     0 | D:1      | diodin the Naga Ice Elementalist began the quest for the
                  | Orb.
     0 | D:1      | Reached XP level 1. HP: 15/15 MP: 3/3
    75 | D:1      | Reached XP level 2. HP: 22/22 MP: 5/5
   327 | D:1      | Reached XP level 3. HP: 28/28 MP: 6/6
   439 | D:1      | Reached skill level 5 in Ice Magic
   466 | D:1      | Learned a level 3 spell: Frozen Ramparts
  1024 | D:2      | Reached XP level 4. HP: 36/36 MP: 7/7
  1132 | D:2      | Learned a level 3 spell: Ozocubu's Armour
  1809 | D:3      | Reached XP level 5. HP: 34/42 MP: 9/9
  1871 | D:3      | Noticed a centaur
  1881 | D:3      | Killed a centaur
  2147 | D:3      | Found Zin's Purification Station.
  2147 | D:3      | Found a glowing silver altar of Zin.
  2287 | D:3      | Reached XP level 6. HP: 45/50 MP: 11/11
  2376 | D:3      | Noticed Jessica
  2382 | D:3      | Killed Jessica
  2398 | D:3      | Noticed Robin
  2402 | D:3      | Reached skill level 1 in Throwing
  2402 | D:3      | Reached skill level 6 in Ice Magic
  2407 | D:3      | Killed Robin
  2417 | D:3      | Reached skill level 1 in Short Blades
  2449 | D:3      | Reached XP level 7. HP: 12/56 MP: 6/13
  2455 | D:3      | Learned a level 3 spell: Hailstorm
  2460 | D:3      | Learned a level 4 spell: Summon Ice Beast
  2625 | D:3      | Identified the +7 quarterstaff of Prudence {distort, *Slow
                  | Fly Int+5 Stlth+}
  2824 | D:4      | Noticed Menkaure
  3023 | D:4      | Found a staircase to the Ecumenical Temple.
  3029 | D:4      | Reached skill level 1 in Fighting
  3031 | Temple   | Entered the Ecumenical Temple
  3044 | Temple   | Became a worshipper of Cheibriados the Contemplative
  3413 | D:4      | Killed Menkaure
  3721 | D:4      | Noticed Sigmund
  3738 | D:4      | Killed Sigmund
  3862 | D:4      | Noticed Ijyb
  3862 | D:4      | You fall into a shaft and drop 3 floors!
  3999 | D:7      | Reached XP level 8. HP: 64/64 MP: 15/15
  4184 | D:6      | Reached * piety under Cheibriados
  4254 | D:5      | Entered Level 5 of the Dungeon
  4254 | D:5      | Found Taciel's Assorted Antiques.
  4288 | D:5      | Bought a fuming green potion for 28 gold pieces
  4288 | D:5      | Bought a yellow potion for 28 gold pieces
  4288 | D:5      | Bought a scroll labelled COSOORGH TUARR for 32 gold pieces
  4288 | D:5      | Bought a scroll labelled XAFEIKKAVO for 32 gold pieces
  4368 | D:5      | Reached skill level 5 in Stealth
  4368 | D:5      | Reached skill level 5 in Spellcasting
  4372 | D:5      | Found a white marble altar of Elyvilon.
  4535 | D:5      | Reached skill level 7 in Ice Magic
  5010 | D:5      | Reached ** piety under Cheibriados
  5349 | D:6      | Found Byruecle's Book Boutique.
  5378 | D:6      | Reached XP level 9. HP: 73/73 MP: 18/18
  5585 | D:6      | Found Leataf's Antique Weapon Boutique.
  5878 | D:6      | Reached skill level 8 in Ice Magic
  6222 | D:6      | HP: 3/61 [wight/+3 great sword of freezing (4)]
  6222 | D:6      | Slain by a wight

Illustrated notes

Levels and vault maps discovered:
D:1:      scummos_arrival_forest, layout_loops_ring, nicolae_wormholes
D:2:      layout_basic
D:3:      layout_basic, zin_purify, minmay_misc_feat_secret_circle,
          minmay_unequal, uniq_jessica, uniq_robin
D:4:      layout_loops_corners, minmay_temple_entry_trees, uniq_menkaure,
          uniq_sigmund, uniq_ijyb, uniq_duvessa
D:5:      layout_loops_ring, nicolae_elyvilon_peaceful_grove, serial_shops,
          nicolae_shop_tiny_waterfront
D:6:      layout_basic, serial_shops, shop_coins, nicolae_shop_statue_plus,
          shop, nicolae_shop_behind_doors, minmay_lizard_king
D:7:      layout_rooms, nzn_wu_jian_contemplation, serial_corexii_hall,
          corexii_hall_statues_x, corexii_hall_statues_i,
          uniq_crazy_yiuf_cottage
Temple:   nicolae_temple_bog_church

Skill      XL: |  1  2  3  4  5  6  7  8  9 |
---------------+----------------------------+-----
Ice Magic      | 5 6 7 8 |  8.0
Spellcasting   | 3 4 6 |  6.5
Dodging        | 2 3 |  3.2
Throwing       | 1 |  1.1
Short Blades   | 1 2 |  2.7
Fighting       | 1 2 |  2.0
Stealth        | 4 6 |  6.4

Action                     |  1- 3 |  4- 6 |  7- 9 || total
---------------------------+-------+-------+-------++-------
  Melee: Unarmed           |     1 |       |       ||     1
         Dagger            |     3 |    63 |   102 ||   168
         Punch             |       |     1 |       ||     1
         Staff             |       |       |     2 ||     2
  Throw: Dart              |       |    12 |       ||    12
   Cast: Freeze            |    13 |    26 |    21 ||    60
         Frozen Ramparts   |       |    11 |    25 ||    36
         Ozocubu's Armour  |       |     5 |    14 ||    19
Ability: Spit Poison       |    28 |    39 |    22 ||    89
    Use: Potion            |       |     4 |       ||     4
   Stab: Sleeping          |     1 |       |    10 ||    11
 Armour: Robe              |     3 |    65 |    42 ||   110
  Dodge: Dodged            |     6 |    61 |    64 ||   131

Table legend: (Time is in decaauts)
 A = Elapsed time spent in this place.
 B = Non-inter-level travel time spent in this place.
 C = Inter-level travel time spent in this place.
 D = Time resting spent in this place.
 E = Time spent auto-exploring this place.
 F = Levels seen in this place.
 G = Mean time per level.
                   A        B        C        D        E       F      G
               +--------+--------+--------+--------+--------+-----+--------+
         Total |   8740 |   8394 |    346 |    586 |   5908 |   8 | 1092.5 |
       Dungeon |   8707 |   8374 |    333 |    586 |   5908 |   7 | 1243.9 |
        Temple |     33 |     20 |     13 |      0 |      0 |   1 |   33.0 |
               +--------+--------+--------+--------+--------+-----+--------+

Top non-repeatable levels by time:
     D:5: 1676 daAuts
     D:6: 1565 daAuts
     D:4: 1414 daAuts
     D:3: 1401 daAuts
     D:1: 1141 daAuts
     D:2: 1070 daAuts
     D:7: 437 daAuts
  Temple: 33 daAuts
